 Dungeon Crawl Stone Soup version 0.31-a0-204-g7da18cac08 (webtiles) character file.

Game seed: 14170085876189379932

100 qw the Shooter (level 4, -7/25 HPs)
             Began as a Deep Elf Hunter on June 27, 2023.
             Mangled by an orc warrior
             ... wielding a +0 halberd
              (17 damage)
             ... on level 4 of the Dungeon.
             The game lasted 00:00:44 (2341 turns).

qw the Shooter (Deep Elf Hunter)                    Turns: 2341, Time: 00:00:44

Health: -7/25      AC:  5    Str: 10    XL:     4   Next: 47%
Magic:  6/6        EV: 11    Int: 14    God:
Gold:   125        SH:  0    Dex: 18    Spells: 3/3 levels left

rFire   + . .        Y - +0 shortbow
rCold   + . .        (shield currently unavailable)
rNeg    . . .        c - +0 ring mail
rPois   .            (no helmet)
rElec   .            e - scarf {rC+ rF+}
rCorr   .            (no gloves)
SInv    .            (no boots)
Will    .....        (no amulet)
Stlth   +            (no ring)
HPRegen 0.24/turn    (no ring)
MPRegen 0.10/turn

%: no passive effects
@: no status effects
A: no striking features
a: no special abilities


You were on level 4 of the Dungeon.
You visited 1 branch of the dungeon, and saw 4 of its levels.

You collected 125 gold pieces.


   Skills:
 - Level 1.5 Fighting
 + Level 7.9 Ranged Weapons
 - Level 2.4 Dodging
 - Level 1.2 Stealth


You had 3 spell levels left.
You didn't know any spells.
Your spell library was empty.

Inventory:

Hand Weapons
 Y - a +0 shortbow (weapon)
Armour
 c - a +0 ring mail (worn)
 e - a scarf of resistance (worn)
Scrolls
 a - 2 scrolls of identify
Potions
 g - 2 potions of might
 h - 2 potions of curing {unknown}

Dungeon Overview and Level Annotations

Branches:
Dungeon (4/15)
 Temple: D:4-7

Altars:
Sif Muna

Annotations:
D:4 exclusion: orc warrior


Message History

You see here a scroll of vulnerability.
There is a stone staircase leading down here.
You climb downwards.
The orc shouts!
Found a green potion, 5 gold pieces and a glowing war axe.
There is a stone staircase leading up here.
An orc is nearby!
Waypoint 3 assigned to D:4.
You shoot an arrow. The arrow hits the orc!
You kill the orc!
h - 2 green potions (gained 1)
Found a stone staircase leading up.
You now have 110 gold pieces (gained 5).
You now have 125 gold pieces (gained 15).
Things that are here:
a +0 short sword; a +0 leather armour; an orc corpse
b - a +6 ring of intelligence
a - 2 scrolls of identify (gained 1)
You see here a +1 heavy war axe.
An orc warrior comes into view. It is wielding a +0 halberd.
Found a runed long sword.
The orc warrior shouts!
You shoot an arrow.
The arrow hits the orc warrior but does no damage.
You shoot an arrow. The arrow hits the orc warrior.
The orc warrior is lightly wounded.
You shoot an arrow. The arrow hits the orc warrior.
The orc warrior is lightly wounded.
You shoot an arrow.
The arrow hits the orc warrior but does no damage.
The orc warrior is lightly wounded.
You shoot an arrow.
The arrow hits the orc warrior but does no damage.
The orc warrior is lightly wounded.
The orc warrior hits you from afar with a +0 halberd!
Ouch! That really hurt!
2341 ||| DROPPING +6 ring of intelligence.
You drop a +6 ring of intelligence.
The orc warrior hits you from afar with a +0 halberd!
Ouch! That really hurt!
You die...

#......#
###....#
##.#.# .
#.#.# .)
#.#.# ...
#.###...#
#.# ...#
#.#o..#
#@...#
#...##
#..##
####


You could see an orc warrior.

Vanquished Creatures
  Terence (D:2)
  An adder (D:2)
  2 worms
  5 dart slugs
  An orc (D:4)
  3 endoplasms
  7 giant cockroaches
  4 goblins
  6 hobgoblins
  2 quokkas
  5 ball pythons
  4 bats
  3 frilled lizards
  2 kobolds
  4 rats
50 creatures vanquished.

Notes
Turn   | Place    | Note
-------+----------+-------------------------------------------
     0 | D:1      | qw the Deep Elf Hunter began the quest for the Orb.
     0 | D:1      | Reached XP level 1. HP: 12/12 MP: 3/3
     0 | D:1      | 0 ||| qw: Version: 0.3-a-22-g0ed2b0b
     0 | D:1      | 0 ||| qw: Game counter: 6574
     0 | D:1      | 0 ||| qw: Melee chars always use a shield: true
     0 | D:1      | 0 ||| qw: God list: Okawaru
     0 | D:1      | 0 ||| qw: Allow faded altars: false
     0 | D:1      | 0 ||| qw: Do Orc after clearing Dungeon:15 true
     0 | D:1      | 0 ||| qw: Do second Lair branch before Depths: true
     0 | D:1      | 0 ||| qw: Lair rune preference: random
     0 | D:1      | 0 ||| qw: Goals: Normal
     0 | D:1      | 0 ||| PLANNING D:1-11
    88 | D:1      | You fall into a shaft and drop 1 floor!
   123 | D:2      | Reached skill level 6 in Ranged Weapons
   123 | D:2      | Reached XP level 2. HP: 16/16 MP: 4/4
   161 | D:2      | 161 ||| READING scroll labelled MAEPPU PEDIA.
   162 | D:2      | 162 ||| DROPPING scroll of butterflies.
   635 | D:1      | 635 ||| READING 2 scrolls labelled FARCHI LOEBI.
   636 | D:1      | 636 ||| READING scroll labelled CUARONE UFURECS.
   706 | D:2      | Reached XP level 3. HP: 20/20 MP: 5/5
   733 | D:2      | Found a shimmering blue altar of Sif Muna.
   734 | D:2      | Noticed Terence
   746 | D:2      | Killed Terence
   747 | D:2      | Reached skill level 7 in Ranged Weapons
  1415 | D:2      | Reached XP level 4. HP: 25/25 MP: 6/6
  1444 | D:2      | 1444 ||| UPGRADING to +0 scale mail.
  1454 | D:2      | 1454 ||| DROPPING +0 leather armour.
  1455 | D:2      | 1455 ||| UPGRADING to scarf of resistance.
  1460 | D:2      | 1460 ||| READING scroll labelled DOELUA EZYOPT.
  1461 | D:2      | 1461 ||| DRINKING 2 puce potions.
  1514 | D:3      | 1514 ||| FLEEEEING.
  1515 | D:3      | 1515 ||| FLEEEEING.
  1516 | D:3      | 1516 ||| FLEEEEING.
  2250 | D:3      | 2250 ||| UPGRADING to +0 ring mail.
  2260 | D:3      | 2260 ||| DROPPING +0 scale mail.
  2261 | D:3      | 2261 ||| READING scroll labelled DUAMARCHAHACS.
  2264 | D:3      | 2264 ||| READING 3 scrolls of identify.
  2264 | D:3      | 2264 ||| IDENTIFYING bubbling green potion
  2265 | D:3      | 2265 ||| READING 2 scrolls of identify.
  2265 | D:3      | 2265 ||| IDENTIFYING brown potion
  2266 | D:3      | 2266 ||| DROPPING potion of brilliance.
  2267 | D:3      | 2267 ||| DROPPING potion of berserk rage.
  2335 | D:4      | Noticed an orc warrior
  2341 | D:4      | 2341 ||| DROPPING +6 ring of intelligence.
  2341 | D:4      | Mangled by an orc warrior

Levels and vault maps discovered:
D:1:      lordsloth_arrival_two_stooges, layout_loops_cross
D:2:      layout_basic, basic_altar, hex_tiny, minmay_liquid_box, uniq_terence
D:3:      layout_basic, chequers_serial_rivers_micro_a, minmay_misc_feat_pillars
D:4:      layout_loops_ring, nzn_overflow_gifts_of_might_and_magic,
          nicolae_shop_self_help

Skill      XL: |  1  2  3 |
---------------+----------+-----
Ranged Weapons | 6 7 |  7.9
Fighting       | |  1.5
Dodging        | |  2.4
Stealth        | |  1.2

Action                     |  1- 3 |  4- 6 || total
---------------------------+-------+-------++-------
   Fire: Shortbow          |    82 |    68 ||   150
    Use: Scroll            |     3 |     4 ||     7
         Potion            |       |     1 ||     1
 Armour: Leather armour    |     2 |       ||     2
         Scale mail        |       |    15 ||    15
  Dodge: Dodged            |    11 |    10 ||    21

Table legend:
 A = Non-vault XP
 B = Vault XP
 C = Vault XP percentage of total XP
 D = Non-vault monster count
 E = Vault monster count
 F = Vault count percentage of total count
                 A         B        C        D         E       F
            +---------+---------+-------+---------+---------+-------
      Total |     112 |      32 |  22.2 |      49 |       1 |   2.0
            +---------+---------+-------+---------+---------+-------
        D:1 |      23 |       0 |   0.0 |      12 |       0 |   0.0
        D:2 |      43 |      32 |  42.7 |      15 |       1 |   6.2
        D:3 |      43 |       0 |   0.0 |      21 |       0 |   0.0
        D:4 |       3 |       0 |   0.0 |       1 |       0 |   0.0
            +---------+---------+-------+---------+---------+-------
